 Dungeon Crawl Stone Soup version 0.30.1-3-gfc49f6343a (webtiles) character file.

Game seed: 7942948421454978454

4170 FishyPogo the Reanimator (level 10, -2/77 HPs)
             Began as a Demonspawn Necromancer on July 31, 2023.
             Was a Believer of Makhleb.
             Slain by a two-headed ogre
             ... wielding a +0 giant club
              (10 damage)
             ... on level 8 of the Dungeon.
             The game lasted 00:49:04 (9074 turns).

FishyPogo the Reanimator (Demonspawn Necromancer)   Turns: 9074, Time: 00:49:04

Health: -2/77      AC:  8    Str:  8    XL:     10   Next: 7%
Magic:  4/15       EV: 19    Int: 28    God:    Makhleb [**....]
Gold:   678        SH:  4    Dex: 13    Spells: 2/16 levels left

rFire   . . .        u - +2 halberd (venom)
rCold   . . .        (shield currently unavailable)
rNeg    . . .        m - +0 animal skin
rPois   .            n - +2 helmet
rElec   .            (no cloak)
rCorr   .            q - +0 pair of gloves
SInv    .            (boots unavailable)
Will    .....        (no amulet)
Stlth   ++           e - +6 ring of intelligence
HPRegen 0.32/turn    x - +5 ring of evasion
MPRegen 0.14/turn

%: no passive effects
@: animating dead
A: hooves 3, molten scales 1, foul stench 1, condensation shield
a: Renounce Religion, Minor Destruction


You were on level 8 of the Dungeon.
You worshipped Makhleb.
Makhleb was pleased with you.
You visited 2 branches of the dungeon, and saw 9 of its levels.
You also visited: Sewer.

You collected 678 gold pieces.

Inventory:

Hand Weapons
 d - a +0 dagger
 k - a +1 hand axe of venom
 u - a +2 halberd of venom (weapon)
Missiles
 c - 56 stones
 r - 8 poisoned darts
 A - 3 boomerangs of dispersal
Armour
 l - the +2 robe of Inquiry {rF- Str+4 Stlth+}
   (You found it on level 2 of the Dungeon)

   Str:       It affects your strength (+4).
   rF:        It makes you vulnerable to fire.
   Stlth:     It makes you more stealthy.
 m - a +0 animal skin (worn)
 n - a +2 helmet (worn)
 q - a +0 pair of gloves (worn)
Jewellery
 e - a +6 ring of intelligence (left hand)
 t - a ring of ice
 v - a +6 ring of intelligence
 x - a +5 ring of evasion (right hand)
Wands
 C - a wand of polymorph (3)
 D - a wand of charming (11)
Scrolls
 a - 4 scrolls of teleportation
 f - 4 scrolls of identify
 g - 3 scrolls of vulnerability
 j - a scroll of poison
 w - a scroll of amnesia
 y - a scroll of torment
 B - 2 scrolls of blinking
 F - a scroll of immolation {unknown}
Potions
 b - a potion of magic
 h - 6 potions of curing
 i - 2 potions of mutation
 o - 3 potions of degeneration
 p - 2 potions of might
 s - a potion of haste {unknown}
 z - 5 potions of flight
 E - a potion of attraction {unknown}


   Skills:
 * Level 6.5 Fighting
 - Level 5.0 Polearms
 + Level 5.3 Dodging
 - Level 2.0 Stealth
 + Level 3.9 Spellcasting
 * Level 9.9 Necromancy
 * Level 6.5 Invocations


You had 2 spell levels left.
You knew the following spells:

 Your Spells              Type           Power      Damage    Failure   Level
a - Necrotise             Necr           100%       1d9       1%          1
b - Vampiric Draining     Necr           57%        2d10      1%          3
c - Agony                 Necr           57%        N/A       3%          5
k - Animate Dead          Necr           57%        N/A       1%          4
l - Beastly Appendage     Tmut           10%        N/A       8%          1

Your spell library contained the following spells:

 Spells                   Type           Power      Damage    Failure   Level
 Sublimation of Blood     Necr           57%        N/A       1%          2
 Summon Small Mammal      Summ           20%        N/A       8%          1
 Ensorcelled Hibernation  Hex/Ice        10%        N/A       12%         2
 Wereblood                Tmut           5%         N/A       12%         2
 Anguish                  Hex/Necr       16%        N/A       10%         4
 Call Canine Familiar     Summ           5%         N/A       22%         3
 Spider Form              Tmut/Pois      5%         N/A       22%         3
 Summon Guardian Golem    Hex/Summ       5%         N/A       22%         3
 Petrify                  Tmut/Erth      5%         N/A       58%         4
 Irradiate                Conj/Tmut      2%         3d12      91%         5


Dungeon Overview and Level Annotations

Branches:
Dungeon (8/15)             Temple (1/1) D:6            Lair (0/5) D:8
  Sewer (visited)

Altars:
Ashenzari
Cheibriados
Fedhas
Hepliaklqana
Kikubaaqudgha
Makhleb
Nemelex Xobeh
Okawaru
Qazlal
Ru
Sif Muna
Trog
Uskayaw
Wu Jian
Xom
Yredelemnul

Shops:
D:4 (


Innate Abilities, Weirdness & Mutations

You have hooves in place of feet.
You are partially covered in molten scales. (AC +2)
You may rarely emit foul miasma when damaged in melee.
A meltable shield of frost defends you. (SH +4)


Message History

Aiming: Necrotise (safe; 1% risk of failure)
Press: ? - help, Shift-Dir - straight line, f/p - two-headed ogre
Aim: a two-headed ogre, wielding two +0 giant clubs (chance to affect: 70%)
The ice beast writhes in agony.
The ice beast hits your polar bear zombie.
The ice beast freezes your polar bear zombie.
Your polar bear zombie resists.
The ice beast completely misses you.
Your polar bear zombie bites the ice beast!
The ice beast dies!
Makhleb accepts your kill.
The two-headed ogre hits something with a +0 giant club!! x2
Unknown command.
Casting: Necrotise (safe; 1% risk of failure)
Confirm with . or Enter, or press ? or * to list all spells.
Aiming: Necrotise (safe; 1% risk of failure)
Press: ? - help, Shift-Dir - straight line, f/p - two-headed ogre
Aim: a two-headed ogre, wielding two +0 giant clubs (chance to affect: 70%)
The ice beast writhes in agony.
The ice beast barely misses you.
Your polar bear zombie barely misses the ice beast.
Your polar bear zombie claws the ice beast.
The ice beast dies!
Makhleb accepts your kill.
The dead are walking!
Okay, then.
Okay, then.
Aiming: Minor Destruction (1% risk of failure)
Press: ? - help, Shift-Dir - straight line, f/p - two-headed ogre
Aim: a two-headed ogre, wielding two +0 giant clubs The glob of acid hits the two-headed ogre!
The acid corrodes the two-headed ogre!
The two-headed ogre is lightly wounded.
Your polar bear zombie bites the two-headed ogre!
Your polar bear zombie barely misses the two-headed ogre.
Your polar bear zombie claws the two-headed ogre.
The two-headed ogre attacks as you move away!
The two-headed ogre hits you with a +0 giant club!
* * * LOW HITPOINT WARNING * * *
The two-headed ogre hits you with a +0 giant club!
You die...

##.###.. .. .~ #......
$. ...# #.... #######
... ##.#.#..... #..
...###...#.#....## #..
..........#..#...## #..
.......>.....#....# #.8
.................#####.#
#ZZ.@# #.#.......##.#
###O####....#.#.....#
.#.#...##.....#.......#
........YO.......#.....8
....###.#.(..#.#.##.##..
#...........~.......#...
#..........#<..#.####...
##...........###.# #...
###.~.####... ..#####..


You could see a two-headed ogre (corroded, ally target), a friendly polar bear
zombie and a friendly ice beast zombie.

Vanquished Creatures
  A rime drake (D:8)
  A polar bear (D:8)
  A wyvern (D:6)
  2 yaks (D:8)
  A steam dragon (D:8)
  A sky beast (D:8)
  2 ice beasts
  A black bear (D:5)
  An ogre (D:5)
  3 wolves
  A phantom (D:7)
  2 kobold brigands (Sewer)
  Blork the orc (D:5)
  2 bullfrogs (D:7)
  A gnoll sergeant (D:7)
  4 scorpions
  2 howler monkeys (D:5)
  3 jellies
  A gnoll bouda (D:6)
  2 orc priests
  4 hounds
  4 orc wizards
  2 iguanas
  A sleepcap (D:5)
  Robin (D:2)
  14 gnolls
  14 adders
  A river rat (Sewer)
  A white imp (D:8)
  An ufetubus (D:5)
  A worm (D:3)
  4 dart slugs
  26 orcs
  8 ball pythons
  2 bat zombies (D:5)
  7 endoplasms
  4 giant cockroaches
  43 goblins
  27 hobgoblins
  7 jackals
  4 quokkas
  2 bats
  6 frilled lizards
  16 kobolds
  10 rats
  A rat zombie (D:5)
244 creatures vanquished.

Vanquished Creatures (collateral kills)
  A yak (D:8)
  Grum (D:8)
  3 ice beasts
  A wolf (D:7)
  A jelly (D:6)
  4 gnolls
  An adder (D:6)
  A dart slug (D:1)
  An orc (D:6)
  5 goblins (D:3)
19 creatures vanquished.

Vanquished Creatures (others)
  A yak zombie (D:8)
  2 wolf zombies (D:8)
  2 ice beast zombies (D:8)
  A hound zombie (D:6)
  A steam dragon zombie (D:8)
  An adder zombie (D:6)
  3 kobold zombies
  4 orc zombies
15 creatures vanquished.

Grand Total: 278 creatures vanquished

Notes
Turn   | Place    | Note
-------+----------+-------------------------------------------
     0 | D:1      | FishyPogo the Demonspawn Necromancer began the quest for
                  | the Orb.
     0 | D:1      | Reached XP level 1. HP: 13/13 MP: 3/3
   162 | D:1      | Gained mutation: A meltable shield of frost defends you.
                  | (SH +4) [demonic ancestry]
   162 | D:1      | Reached XP level 2. HP: 20/20 MP: 3/5
   751 | D:1      | Gained mutation: You may rarely emit foul miasma when
                  | damaged in melee. [demonic ancestry]
   751 | D:1      | Reached XP level 3. HP: 23/25 MP: 4/6
   755 | D:1      | Learned a level 3 spell: Vampiric Draining
   987 | D:2      | Reached skill level 1 in Fighting
  1135 | D:2      | Identified the +2 robe of Inquiry {rF- Str+4 Stlth+}
  1151 | D:2      | Reached skill level 5 in Necromancy
  1222 | D:2      | Noticed Robin
  1236 | D:2      | Killed Robin
  1237 | D:2      | Gained mutation: You have large cloven feet. [demonic
                  | ancestry]
  1237 | D:2      | Reached XP level 4. HP: 26/32 MP: 0/7
  2032 | D:3      | Gained mutation: You have hoof-like feet. [demonic
                  | ancestry]
  2032 | D:3      | Reached XP level 5. HP: 38/38 MP: 1/9
  2674 | D:3      | Reached skill level 6 in Necromancy
  2971 | D:3      | Gained mutation: You have hooves in place of feet. [demonic
                  | ancestry]
  2971 | D:3      | Reached XP level 6. HP: 13/45 MP: 3/10
  3179 | D:3      | Learned a level 4 spell: Animate Dead
  3369 | D:3      | Reached skill level 1 in Polearms
  3886 | D:4      | Found Dietz's Weapon Shop.
  3991 | D:5      | Entered Level 5 of the Dungeon
  4059 | D:5      | Noticed an ice beast
  4185 | D:5      | Reached XP level 7. HP: 39/51 MP: 7/11
  4339 | D:5      | Noticed Blork the orc
  4345 | D:5      | Killed Blork the orc
  4370 | D:5      | Reached skill level 7 in Necromancy
  4504 | D:5      | Found a glowing drain.
  4513 | Sewer    | Entered a sewer
  4989 | D:5      | Gained mutation: You are partially covered in molten
                  | scales. (AC +2) [demonic ancestry]
  4989 | D:5      | Reached XP level 8. HP: 55/59 MP: 12/12
  5654 | D:5      | Found an ancient bone altar of Kikubaaqudgha.
  5881 | D:6      | Reached skill level 8 in Necromancy
  6011 | D:6      | Found a staircase to the Ecumenical Temple.
  6039 | Temple   | Entered the Ecumenical Temple
  6110 | Temple   | Became a worshipper of Makhleb the Destroyer
  6262 | D:6      | Learned a level 5 spell: Agony
  6537 | D:6      | Reached skill level 1 in Invocations
  7426 | D:7      | Reached skill level 5 in Fighting
  7426 | D:7      | Reached XP level 9. HP: 68/68 MP: 10/13
  7444 | D:7      | Reached * piety under Makhleb
  7755 | D:7      | Found a bloodstained altar of Trog.
  7768 | D:7      | Learned a level 1 spell: Beastly Appendage
  7830 | D:7      | Found a hazy altar of Hepliaklqana.
  7961 | D:8      | Noticed Grum
  7968 | D:8      | Reached skill level 9 in Necromancy
  7971 | D:8      | HP: 3/68 [Grum/+1 glaive (19)]
  7983 | D:8      | Killed Grum
  8216 | D:8      | Reached skill level 5 in Invocations
  8276 | D:8      | Found a large runed translucent door.
  8277 | D:8      | Found a large runed translucent door.
  8291 | D:8      | Found a shimmering altar of Xom.
  8483 | D:8      | Reached skill level 5 in Dodging
  8494 | D:8      | Reached skill level 5 in Polearms
  8791 | D:8      | Noticed a rime drake
  8975 | D:8      | Killed a rime drake
  8997 | D:8      | Noticed a polar bear
  9001 | D:8      | Noticed a two-headed ogre
  9019 | D:7      | Reached ** piety under Makhleb
  9061 | D:8      | Found a staircase to the Lair.
  9066 | D:8      | Killed a polar bear
  9067 | D:8      | Reached XP level 10. HP: 24/77 MP: 5/15
  9074 | D:8      | Slain by a two-headed ogre

Illustrated notes

Levels and vault maps discovered:
D:1:      onia_arrival_pentagram, layout_basic, minmay_circled_x
D:2:      layout_loops_ring, uniq_robin
D:3:      minmay_goblin_kobold_castle, layout_rooms
D:4:      layout_cave_pools, serial_shops, nicolae_shop_tiny_real_fake_doors
D:5:      layout_loops_ring, lemuel_zombie_altar_kikubaaqudgha,
          gup_sewer_entry_bubbles, serial_co_window_serial, co_window_paths_a,
          co_window_paths_b, co_window_corner_a, co_window_of_opportunity_a,
          co_window_cross_1, co_window_paths_b, co_window_corner_a,
          co_window_2corner, co_window_of_opportunity_b, co_window_broadway_a,
          glass_columns_c, glass_columns_a, glass_columns_b, glass_columns_c,
          glass_columns_b, minmay_fountain_box, minivault_11,
          amcnicky_mini_pool_medium, uniq_blork_the_orc
D:6:      layout_basic, temple_pool_b, nicolae_half_adder
D:7:      layout_rooms, lemuel_round_altar, general_overflow_altar,
          enter_bailey_3
D:8:      layout_loops_cross, jmf_multi_god_temple2, hellmonk_lair_entry_icy,
          minmay_misc_feat_encased, kennysheep_nub, uniq_grum
Temple:   nicolae_temple_bog_church

Skill      XL: |  1  2  3  4  5  6  7  8  9 |
---------------+----------------------------+-----
Stealth        | 2 |  2.0
Dodging        | 2 3 4 5 |  5.3
Fighting       | 1 2 3 5 6 |  6.5
Necromancy     | 5 6 7 8 9 |  9.9
Spellcasting   | 3 |  3.9
Polearms       | 2 3 4 5 |  5.0
Invocations    | 3 6 |  6.5

Action                     |  1- 3 |  4- 6 |  7- 9 | 10-12 || total
---------------------------+-------+-------+-------+-------++-------
  Melee: Unarmed           |     3 |       |       |       ||     3
         Dagger            |    34 |       |       |       ||    34
         Hand axe          |     8 |    31 |       |       ||    39
         Kick              |       |    16 |    56 |     3 ||    75
         Halberd           |       |    64 |   210 |     4 ||   278
  Throw: Boomerang         |       |     3 |       |       ||     3
         Dart              |       |       |     1 |       ||     1
   Cast: Necrotise         |    50 |   122 |   135 |     2 ||   309
         Animate Dead      |       |     2 |    13 |       ||    15
         Vampiric Draining |       |       |     4 |       ||     4
         Agony             |       |       |     1 |       ||     1
         Beastly Appendage |       |       |     1 |       ||     1
 Invoke: Minor Destruction |       |       |       |     1 ||     1
    Use: Potion            |     1 |       |     2 |       ||     3
         Scroll            |       |     7 |     6 |       ||    13
   Stab: Sleeping          |     3 |     6 |     3 |       ||    12
 Armour: Robe              |     4 |       |       |       ||     4
         Animal skin       |       |    30 |    53 |       ||    83
  Dodge: Dodged            |    22 |    61 |   284 |     6 ||   373
  Block: Other             |     5 |    28 |    63 |     1 ||    97
